 Dungeon Crawl Stone Soup version 0.19-a0-347-g6bb00b2 (webtiles) character file.

971 wvc the Cudgeler (level 7, 0/48 HPs)
             Began as a Mummy Wanderer on May 29, 2016.
             Was a Follower of Okawaru.
             Killed from afar by a steam dragon (12 damage)
             ... with a ball of steam
             ... on level 6 of the Dungeon.
             The game lasted 00:14:54 (6020 turns).

wvc the Cudgeler (Mummy Wanderer)                   Turns: 6020, Time: 00:14:55

Health: 0/48       AC: 15    Str: 17    XL:     7   Next: 94%
Magic:  7/7        EV: 10    Int: 11    God:    Okawaru [*.....]
Gold:   293        SH:  7    Dex: 12    Spells: 0 memorised, 6 levels left

rFire  . . .     SeeInvis .     d - +2 mace (protect)
rCold  + . .     Gourm    .     b - +0 ring mail
rNeg   + + +     Faith    .     e - +0 buckler
rPois  ∞         Spirit   .     l - +0 hat
rElec  .         Dismiss  .     h - +0 cloak
rCorr  .         Reflect  +     q - +2 pair of gloves
SustAt .         Harm     .     u - +0 pair of boots
MR     .....                    r - +4 amulet of reflection
Stlth  +.........               t - ring of fire
                                k - ring of protection from cold

@: about to teleport, not resistant to hostile enchantments, very unstealthy
A: no food or potions, fire vulnerability, cold resistance 1, negative energy
resistance 3, torment resistance, unbreathing
a: Heroism, Renounce Religion


You were on level 6 of the Dungeon.
You worshipped Okawaru.
Okawaru was aware of your devotion.
You were not hungry.

You visited 1 branch of the dungeon, and saw 6 of its levels.

You collected 293 gold pieces.

Inventory:

Hand Weapons
 d - a +2 mace of protection (weapon)
 o - the cursed +0 falchion of Trial by Ordeal {drain, Stlth+}
   (You found it on level 5 of the Dungeon)

   A truly terrible weapon, it drains the life of those it strikes.
   It makes you more stealthy.
   It has a curse placed upon it.
Missiles
 f - a throwing net
 g - 9 poisoned needles
 m - 3 tomahawks (quivered)
 s - 8 needles of sleeping
Armour
 b - a +0 ring mail (worn)
 e - a +0 buckler (worn)
 h - a +0 cloak (worn)
 l - a +0 hat (worn)
 q - a +2 pair of gloves (worn)
 u - a +0 pair of boots (worn)
Jewellery
 k - a ring of protection from cold (left hand)
 r - a +4 amulet of reflection (around neck)
 t - a ring of fire (right hand)
Wands
 n - a wand of random effects (0/48)
Scrolls
 a - a scroll of magic mapping
 j - 3 scrolls of remove curse
 p - 2 scrolls of identify
Books
 i - a book of Callings

   Spells                             Type                      Level
   a - Summon Small Mammal            Summoning                    1
   b - Call Imp                       Summoning                    2
   c - Call Canine Familiar           Summoning                    3
   d - Summon Guardian Golem          Hexes/Summoning              3
   e - Summon Lightning Spire         Summoning/Air                4
   f - Summon Ice Beast               Ice/Summoning                4


   Skills:
 - Level 1.0 Fighting
   Level 2.1(5.2) Axes
 + Level 7.4(7.6) Maces & Flails
   Level 1.0(1.6) Polearms
 - Level 1.0 Throwing
 - Level 1.5 Armour
 - Level 1.0 Dodging
 - Level 1.0 Stealth
 - Level 1.0 Shields


You had 6 spell levels left.
You didn't know any spells.

Dungeon Overview and Level Annotations

Branches:
Dungeon (6/15)
 Temple: D:4-7

Altars:
Ashenzari
Okawaru
Pakellas
Trog
Yredelemnul


Innate Abilities, Weirdness & Mutations

You do not eat or drink.
Your flesh is vulnerable to fire.
You are immune to poison.
Your flesh is cold resistant. (rC+)
You are immune to negative energy. (rN+++)
You are immune to unholy pain and torment.
You can survive without breathing.


Message History

The howler monkey zombie barely misses you.
The howler monkey zombie bites you but does no damage.
Something bites you. Something claws you but does no damage.
You hit the howler monkey zombie.
The howler monkey zombie hits you but does no damage.
The howler monkey zombie closely misses you.
Something bites you but does no damage. Something claws you but does no damage.
Read which item? (? for menu, Esc to quit)
As you read the scroll of teleportation, it crumbles to dust.
You feel strangely unstable.
The howler monkey zombie hits you but does no damage.
The howler monkey zombie barely misses you.
Something bites you.
* * * LOW HITPOINT WARNING * * *
Something claws you but does no damage.
The howler monkey zombie barely misses you. x2
You hear a roar.
A ball of steam appears from out of thin air!
The ball of steam hits you!
You die...

#..÷#.#...#.##...
###....#....#......
.###.......#......#...
...........##.....###.
###.......#..........
###....#...........
##{..#.#...#######
#§Z........#
#@########## #.# #.#
... #.# #.# #.# #.#


You could see a howler monkey zombie.

Vanquished Creatures
  Menkaure (D:5)
  A phantom (D:4)
  An ogre (D:4)
  A centaur (D:4)
  A howler monkey (D:6)
  2 crimson imps
  A giant frog skeleton (D:5)
  2 orc priests (D:4)
  3 orc wizards
  An iguana (D:4)
  2 worker ants
  A hound zombie (D:6)
  A hound skeleton (D:4)
  4 gnolls (D:4)
  5 adders
  6 worms
  5 dart slugs
  2 giant geckos
  12 orcs
  2 ball pythons
  9 bats
  8 giant cockroaches
  9 goblins
  10 hobgoblins
  6 jackals
  A quokka (D:6)
  3 giant newts
  4 kobolds
  5 rats
109 creatures vanquished.

Vanquished Creatures (others)
  A tengu reaver (D:2)
  2 orc wizards (D:4)
  3 bushes (D:2)
6 creatures vanquished.

Grand Total: 115 creatures vanquished

Notes
Turn   | Place    | Note
--------------------------------------------------------------
     0 | D:1      | wvc the Mummy Wanderer began the quest for the Orb.
     0 | D:1      | wvc set off with: a +2 hand axe, a +0 ring mail, a scroll of teleportation
     0 | D:1      | Reached XP level 1. HP: 15/15 MP: 1/1
   196 | D:1      | Reached XP level 2. HP: 18/21 MP: 2/2
   287 | D:1      | Reached skill level 1 in Maces & Flails
   618 | D:2      | Reached XP level 3. HP: 25/26 MP: 3/3
   690 | D:2      | Reached skill level 2 in Maces & Flails
  1197 | D:2      | Found an oddly glowing altar of Pakellas.
  1199 | D:2      | Noticed a tengu reaver
  1210 | D:2      | Killed a tengu reaver
  1246 | D:2      | Reached XP level 4. HP: 29/32 MP: 4/4
  1256 | D:2      | Found a basalt altar of Yredelemnul.
  1557 | D:3      | Found an iron altar of Okawaru.
  1570 | D:3      | Became a worshipper of Warmaster Okawaru
  1738 | D:3      | Reached skill level 3 in Maces & Flails
  2321 | D:3      | Reached XP level 5. HP: 29/37 MP: 5/5
  2379 | D:3      | Reached skill level 4 in Maces & Flails
  2835 | D:4      | Noticed an ogre
  2856 | D:4      | Killed an ogre
  2856 | D:4      | Reached skill level 5 in Maces & Flails
  2856 | D:4      | Reached XP level 6. HP: 36/43 MP: 6/6
  3518 | D:4      | Reached * piety under Okawaru
  4076 | D:4      | Reached skill level 6 in Maces & Flails
  4076 | D:4      | Reached XP level 7. HP: 48/48 MP: 7/7
  4172 | D:5      | Entered Level 5 of the Dungeon
  4489 | D:5      | Noticed a steam dragon
  4489 | D:5      | an ogre changed into a steam dragon
  4747 | D:5      | Got a shimmering falchion
  4784 | D:5      | Noticed Menkaure
  4785 | D:5      | Identified the cursed +0 falchion of Trial by Ordeal {drain, Stlth+} (You found it on level 5 of the Dungeon)
  4793 | D:5      | Killed Menkaure
  5418 | D:5      | Reached skill level 7 in Maces & Flails
  5803 | D:6      | Found a bloodstained altar of Trog.
  5920 | D:6      | Found a shattered altar of Ashenzari.
  6020 | D:6      | Killed from afar by a steam dragon

Vault maps used:
D:1:      elethiomel_arrival_shortcut
D:2:      gammafunk_pakellas_spire_experiment, nicolae_overflow_hidden_temple
D:3:      okawaru_gym_becter
D:5:      first_bread, uniq_menkaure
D:6:      lemuel_round_altar, nicolae_ashenzari_panopticon, serial_shops,
          shop_coins

Skill      XL: |  1  2  3  4  5  6  7 |
---------------+----------------------+-----
Axes           | 2 |  2.1
Maces & Flails | 1 2 3 5 6 7 |  7.4
Fighting       | |  1.0
Polearms       | |  1.0
Throwing       | |  1.0
Armour         | |  1.5
Dodging        | |  1.0
Stealth        | |  1.0
Shields        | |  1.0

Action                   |  1- 3 |  4- 6 |  7- 9 || total
-------------------------+-------+-------+-------++-------
Melee: Hand axe          |     8 |       |       ||     8
       Mace              |   121 |   262 |   118 ||   501
Throw: Tomahawk          |       |     1 |     2 ||     3
Invok: Heroism           |       |     1 |       ||     1
Evoke: Wand              |       |     8 |     5 ||    13
  Use: Scroll            |     2 |     5 |     8 ||    15
Armor: Ring mail         |   102 |   158 |    68 ||   328
Dodge: Dodged            |    61 |   122 |    47 ||   230
Block: Buckler           |       |    35 |    38 ||    73
